 Dungeon Crawl Stone Soup version 0.27-a0-1579-g97d2440184 (webtiles) character file.

Game seed: 10192153737428576943

2300 Sin92 the Chopper (level 9, 0/71 HPs)
             Began as a Demonspawn Fighter on July 18, 2021.
             Was an Initiate of Okawaru.
             Killed by nerve-wracking pain
             ... invoked by an orc priest
              (6 damage)
             ... on level 7 of the Dungeon.
             The game lasted 00:13:10 (7437 turns).

Sin92 the Chopper (Demonspawn Fighter)              Turns: 7437, Time: 00:13:11

Health: 0/71       AC: 14    Str: 32    XL:     9   Next: 17%
Magic:  0/10       EV: 11    Int: 13    God:    Okawaru [......]
Gold:   310        SH: 16    Dex: 20    Spells: 8/8 levels left

rFire    . . .     SeeInvis .   a - +1 war axe
rCold    . . .     Faith    .   c - +0 kite shield
rNeg     . . .     Spirit   +   l - +5 ring mail "Fytyshoane" {Str+7 Int+4}
rPois    .         Reflect  .   (helmet restricted)
rElec    .         Harm     .   (no cloak)
rCorr    .         Rampage  .   (no gloves)
Will     .....                  i - +0 pair of boots
Stlth    +.........             (no amulet)
HPRegen  0.21/turn              f - +6 ring of strength
MPRegen  0.24/turn              n - +6 ring of dexterity

@: no status effects
A: antennae 1, rugged brown scales 2, magic shield, magic regeneration,
condensation shield
a: Renounce Religion


You were on level 7 of the Dungeon.
You worshipped Okawaru.
Okawaru was noncommittal.
You visited 2 branches of the dungeon, and saw 8 of its levels.

You collected 310 gold pieces.

Inventory:

Hand Weapons
 a - a +1 war axe (weapon)
Armour
 b - a +0 scale mail
 c - a +0 kite shield (worn)
 e - a +0 helmet
 i - a +0 pair of boots (worn)
 l - the +5 ring mail "Fytyshoane" (worn) {Str+7 Int+4}
   (You found it on level 4 of the Dungeon)

   Str:       It affects your strength (+7).
   Int:       It affects your intelligence (+4).
Jewellery
 f - a +6 ring of strength (left hand)
 n - a +6 ring of dexterity (right hand)
Wands
 p - a wand of acid (6)
Scrolls
 d - a scroll of identify
 h - a scroll of magic mapping
 j - 2 scrolls of immolation
 q - a scroll of amnesia


   Skills:
 + Level 5.4 Fighting
 * Level 6.2(6.7) Axes
 - Level 3.9(5.6) Polearms
 + Level 5.0 Armour
 + Level 3.9 Dodging
 + Level 4.9 Shields
 + Level 1.5 Invocations


You had 8 spell levels left.
You didn't know any spells.
Your spell library contained the following spells:

 Spells                   Type           Power      Damage    Failure   Level
 Static Discharge         Conj/Air       0%         N/A       93%         2
 Frozen Ramparts          Ice            0%         1d2       99%         3
 Animate Armour           Summ/Erth      0%         N/A       100%        4
 Animate Dead             Necr           0%         N/A       100%        4
 Dispel Undead            Necr           0%         3d6       100%        4
 Ice Form                 Ice/Tmut       0%         N/A       100%        4
 Sticky Flame             Conj/Fire      0%         2d3       100%        4
 Summon Ice Beast         Ice/Summ       0%         N/A       100%        4
 Blade Hands              Tmut           0%         N/A       100%        5
 Borgnjor's Vile Clutch   Necr/Erth      0%         N/A       100%        5
 Death Channel            Necr           0%         N/A       100%        6
 Iron Shot                Conj/Erth      0%         9d1       100%        6


Dungeon Overview and Level Annotations

Branches:
Dungeon (7/15)             Temple (1/1) D:6

Altars:
Cheibriados
Elyvilon
Gozag
Kikubaaqudgha
Okawaru
Sif Muna
Uskayaw
Wu Jian
Yredelemnul
Zin

Shops:
D:1 *([   D:2 *   D:4 [   D:5 *   D:6 (:::[


Innate Abilities, Weirdness & Mutations

You have a pair of small antennae on your head.
You are mostly covered in rugged brown scales. (AC +2, +5% HP)
When hurt, damage is shared between your health and your magic reserves.
You regenerate magic rapidly.
A meltable shield of frost defends you. (SH +4)


Message History

Beogh smites you!
* * * LOW HITPOINT WARNING * * *
Unknown command.
You closely miss the orc priest.
The orc priest looks encouraged for a moment.
The orc priest hits you but does no damage.
You slash the orc priest!
The orc priest is severely wounded.
You block the orc priest's attack.
You hit the orc priest.
The orc priest is almost dead.
You block the orc priest's attack.
You barely miss the orc priest.
The orc priest is almost dead.
You block the orc priest's attack.
You closely miss the orc priest.
The orc priest is almost dead.
You block the orc priest's attack. The orc priest barely misses you.
You closely miss the orc priest.
The orc priest is almost dead.
The orc priest closely misses you.
You closely miss the orc priest.
The orc priest is almost dead.
You block the orc priest's attack.
You slice the orc priest!!
You kill the orc priest!
Okawaru accepts your kill. You block the orc priest's attack.
You hit the orc priest.
The orc priest is moderately wounded.
The orc priest hits you but does no damage.
You hit the orc priest but do no damage.
The orc priest is moderately wounded.
You block the orc priest's attack.
You slash the orc priest!
The orc priest is almost dead.
You block the orc priest's attack.
The orc priest calls down the wrath of Beogh upon you.
Pain shoots through your body!
You die...

#.#?.♣##♣..#..........o
#.+.. #..'o...##.###o
.... #..'.#### .#
#..♣##♣..### .#
#......o.# #.......?#
####..#### #
#..##.#######.#
#.......).o@..#
############o.# #.# ...
###


You could see an orc priest and an orc.

Vanquished Creatures
  Grinder (D:6)
  A wraith (D:6)
  An ice beast (D:6)
  An orc warrior (D:7)
  A black bear (D:7)
  3 necrophages
  An ogre (D:6)
  A phantom (D:6)
  A bullfrog (D:6)
  A gnoll sergeant (D:6)
  A water moccasin zombie (D:5)
  4 scorpions
  3 centaur zombies
  A bullfrog zombie (D:6)
  A hound (D:4)
  2 jellies
  5 orc priests
  A centaur skeleton (D:3)
  2 iguanas
  3 orc wizards
  A killer bee zombie (D:7)
  6 adders
  4 gnolls (D:6)
  2 white imps
  An ufetubus (D:4)
  A worm (D:2)
  A dart slug (D:1)
  21 orcs
  7 endoplasms
  4 giant cockroaches
  6 goblins
  7 hobgoblins
  3 jackals (D:4)
  5 quokkas
  12 ball pythons
  6 bats
  5 frilled lizards
  9 kobolds
  8 rats
  A bush (D:3)
145 creatures vanquished.

Vanquished Creatures (collateral kills)
  2 bullfrogs (D:6)
  An orc (D:6)
3 creatures vanquished.

Vanquished Creatures (others)
  An orc wizard (D:6)
  14 plants
15 creatures vanquished.

Grand Total: 163 creatures vanquished

Notes
Turn   | Place    | Note
-------+----------+-------------------------------------------
     0 | D:1      | Sin92 the Demonspawn Fighter began the quest for the Orb.
     0 | D:1      | Reached XP level 1. HP: 18/18 MP: 1/1
    60 | D:1      | Reached skill level 2 in Axes
   129 | D:1      | Gained mutation: You regenerate magic rapidly. [demonic
                  | ancestry]
   129 | D:1      | Reached XP level 2. HP: 18/24 MP: 2/2
   202 | D:1      | Found Xaalun's Antique Armour Shop.
   546 | D:1      | Found Zakivob's General Store.
   575 | D:1      | Found Vustrix's Weapon Emporium.
   850 | D:1      | Reached XP level 3. HP: 28/29 MP: 3/3
  1218 | D:2      | Found an opulent altar of Gozag.
  1623 | D:2      | Found Dosiehic's General Store.
  1729 | D:2      | Reached skill level 1 in Polearms
  2061 | D:3      | Gained mutation: You have a pair of small antennae on your
                  | head. [demonic ancestry]
  2061 | D:3      | Reached XP level 4. HP: 35/35 MP: 4/4
  2176 | D:3      | Reached skill level 1 in Dodging
  2609 | D:3      | Found a faded altar of an unknown god.
  2618 | D:3      | Reached skill level 3 in Axes
  2618 | D:3      | Reached XP level 5. HP: 29/39 MP: 5/5
  3409 | D:4      | Noticed a necrophage
  3424 | D:4      | Killed a necrophage
  3656 | D:4      | Gained mutation: You are partially covered in rugged brown
                  | scales. (AC +1, +3% HP) [demonic ancestry]
  3656 | D:4      | Reached XP level 6. HP: 39/49 MP: 6/6
  3660 | D:4      | Identified the +5 ring mail "Fytyshoane" {Str+7 Int+4}
  4087 | D:4      | Found Onuchyof's Antique Armour Shop.
  4423 | D:5      | Entered Level 5 of the Dungeon
  4715 | D:5      | Found Ugidda's Assorted Antiques.
  4734 | D:5      | Reached skill level 4 in Axes
  4734 | D:5      | Gained mutation: When hurt, damage is shared between your
                  | health and your magic reserves. [demonic ancestry]
  4734 | D:5      | Reached XP level 7. HP: 35/55 MP: 7/7
  5404 | D:5      | Found an ancient bone altar of Kikubaaqudgha.
  6073 | D:6      | Found Fosa Hif's Weapon Emporium.
  6110 | D:6      | Found Famonoota's Book Emporium.
  6112 | D:6      | Found Ymnimoh's Book Emporium.
  6135 | D:6      | Found Millis's Book Emporium.
  6136 | D:6      | Found Xoduoh's Armour Emporium.
  6223 | D:6      | Noticed a wraith
  6236 | D:6      | Killed a wraith
  6237 | D:6      | Gained mutation: A meltable shield of frost defends you.
                  | (SH +4) [demonic ancestry]
  6237 | D:6      | Reached XP level 8. HP: 62/62 MP: 8/8
  6294 | D:6      | Reached skill level 5 in Axes
  6595 | D:6      | Noticed Grinder
  6602 | D:6      | Paralysed by Grinder for 6 turns
  6619 | D:6      | Paralysed by Grinder for 6 turns
  6633 | D:6      | Paralysed by Grinder for 5 turns
  6640 | D:6      | Killed Grinder
  6675 | D:6      | Reached skill level 5 in Fighting
  6734 | D:6      | Found a staircase to the Ecumenical Temple.
  6929 | Temple   | Entered the Ecumenical Temple
  6942 | Temple   | Became a worshipper of Warmaster Okawaru
  7333 | D:7      | Reached skill level 6 in Axes
  7333 | D:7      | Gained mutation: You are mostly covered in rugged brown
                  | scales. (AC +2, +5% HP) [demonic ancestry]
  7333 | D:7      | Reached XP level 9. HP: 29/71 MP: 5/9
  7372 | D:7      | Reached skill level 1 in Invocations
  7376 | D:7      | HP: 3/71 [orc priest/nerve-wracking pain (8)]
  7424 | D:7      | Reached skill level 5 in Armour
  7426 | D:7      | HP: 3/71 [orc priest/divine providence (5)]
  7437 | D:7      | Killed from afar by an orc priest

Illustrated notes

Levels and vault maps discovered:
D:1:      eino_arrival_water_cross, layout_basic, serial_shops,
          nicolae_shop_overgrown_old_shop, nicolae_diamond_shop,
          nicolae_shop_behind_doors
D:2:      layout_loops_cross, serial_shops, nicolae_shop_statue_plus,
          basic_altar
D:3:      layout_basic, mainiacjoe_overflow_tiny_flanked,
          hellmonk_ecumenical_altar_blasted, minmay_crystal_water,
          lexackson_kobold_supper
D:4:      layout_loops_corners, serial_shops, nicolae_lakefront_shop,
          kennysheep_cluttered_room
D:5:      layout_loops_corners, kiku_gazebo_pond_becter, serial_shops,
          nicolae_shop_competitors_out_of_business
D:6:      layout_basic, nicolae_elyvilon_temple_path,
          minmay_temple_entry_mini_moons, serial_shops, shop,
          minmay_misc_feat_five, chequers_mini_garden, minmay_shop_grid_forest,
          grunt_ministairs_8, uniq_grinder
D:7:      layout_loops_ring, general_overflow_altar, lemuel_doored_altar,
          grunt_decor_arrowhead, kennysheep_generic_room_6
Temple:   cyrus_circular_temple

Skill      XL: |  1  2  3  4  5  6  7  8  9 |
---------------+----------------------------+-----
Axes           | 2 3 4 6 |  6.2
Polearms       | 1 2 3 |  3.9
Armour         | 3 4 5 |  5.0
Shields        | 3 4 |  4.9
Dodging        | 1 2 3 |  3.9
Fighting       | 4 5 |  5.4
Invocations    | 1 |  1.5

Action                   |  1- 3 |  4- 6 |  7- 9 || total
-------------------------+-------+-------+-------++-------
Melee: War axe           |   139 |   239 |   209 ||   587
  Use: Scroll            |     3 |     4 |     9 ||    16
       Potion            |       |     1 |     5 ||     6
Armor: Scale mail        |    72 |    54 |       ||   126
       Ring mail         |       |    32 |   102 ||   134
Dodge: Dodged            |    55 |    74 |    80 ||   209
Block: Kite shield       |    72 |   131 |   165 ||   368

Table legend: (Time is in decaauts)
 A = Elapsed time spent in this place.
 B = Non-inter-level travel time spent in this place.
 C = Inter-level travel time spent in this place.
 D = Time resting spent in this place.
 E = Time spent auto-exploring this place.
 F = Levels seen in this place.
 G = Mean time per level.
                   A        B        C        D        E       F      G
               +--------+--------+--------+--------+--------+-----+--------+
         Total |   7734 |   7375 |    359 |    252 |   5602 |   8 |  966.8 |
       Dungeon |   7710 |   7351 |    359 |    252 |   5602 |   7 | 1101.4 |
        Temple |     24 |     24 |      0 |      0 |      0 |   1 |   24.0 |
               +--------+--------+--------+--------+--------+-----+--------+

Top non-repeatable levels by time:
     D:3: 1516 daAuts
     D:6: 1403 daAuts
     D:5: 1276 daAuts
     D:1: 1239 daAuts
     D:4: 1102 daAuts
     D:2: 938 daAuts
     D:7: 232 daAuts
  Temple: 24 daAuts
